 Dungeon Crawl Stone Soup version 0.31-a0-844-gdc52ec4e09 (webtiles) character file.

Game seed: 9709610483676061119

29 rageheart7 the Conjurer (level 3, 0/21 (28) HPs)
             Began as a Demonspawn Reaver on Sept 29, 2023.
             Succumbed to a kobold's poison
             ... on level 2 of the Dungeon.
             The game lasted 00:01:48 (1219 turns).

rageheart7 the Conjurer (Demonspawn Reaver)         Turns: 1219, Time: 00:01:49

HP:   0/21 (28)     AC:  3    Str: 12    XL:     3   Next: 1%
MP:   4/6           EV: 11    Int: 14    God:
Gold: 21            SH:  0    Dex: 11    Spells: 5/6 levels left

rFire   . . .        i - +0 short sword (venom)
rCold   . . .        (no shield)
rNeg    . . .        b - +0 leather armour
rPois   .            (helmet restricted)
rElec   .            (no cloak)
rCorr   .            (no gloves)
SInv    .            (no boots)
Will    +....        (no amulet)
Stlth   +            (no ring)
HPRegen 0.23/turn    (no ring)
MPRegen 0.10/turn

%: no passive effects
@: mighty, lethally poisoned (0 -> -2), enlightened, flying, very heavily
drained
A: antennae 1, weak 1
a: no special abilities


You were on level 2 of the Dungeon.
You visited 1 branch of the dungeon, and saw 2 of its levels.

You collected 21 gold pieces.

Inventory:

Hand Weapons
 a - a +0 mace
 i - a +0 short sword of venom (weapon)
Armour
 b - a +0 leather armour (worn)
Scrolls
 c - a scroll of identify {unknown}
 d - 2 scrolls of immolation
 h - a scroll of fog {unknown}


   Skills:
 * Level 2.9 Fighting
 + Level 3.0 Maces & Flails
 - Level 1.7 Dodging
 + Level 2.3 Spellcasting
 - Level 3.0 Conjurations


You had 5 spell levels left.
You knew the following spells:

 Your Spells              Type           Power      Damage    Failure   Level
a - Kiss of Death         Conj/Necr      20%        2d7       16%         1

Your spell library contained the following spells:

 Spells                   Type           Power      Damage    Failure   Level
 Momentum Strike          Conj/Tloc      10%        3d8       24%         2
 Hailstorm                Conj/Ice       5%         3d4       43%         3
 Cause Fear               Hex            0%         N/A       96%         4
 Fireball                 Conj/Fire      2%         3d4       99%         5
 Dragon's Call            Summ           0%         N/A       100%        9


Dungeon Overview and Level Annotations

Branches:
Dungeon (2/15)

Altars:

Shops:
D:1 !


Innate Abilities, Weirdness & Mutations

You have a pair of small antennae on your head.
You are weak. (Str -2)


Message History

Casting: Kiss of Death (safe; 16% risk of failure)
Confirm with . or Enter, or press ? or * to list all spells.
Aiming: Kiss of Death (safe; 16% risk of failure)
Press: ? - help, Shift-Dir - straight line, f - kobold
Aim: a kobold, wielding a +0 short sword of venom (100% to hit)
The negative energy hits the kobold!
The kobold is drained!
You kill the kobold!
You feel drained.
You feel very sick.
You have reached level 3!
Your experience leads to an increase in your attributes!
Increase (S)trength, (I)ntelligence, or (D)exterity?
You feel stronger. x2
You feel sick.
Things that are here:
a +0 short sword of venom; a kobold corpse
i - a +0 short sword of venom
* * * LOW HITPOINT WARNING * * *
You feel sick.
Your +0 short sword of venom begins to drip with poison!
i - a +0 short sword of venom (weapon)
* * * LOW HITPOINT WARNING * * *
You feel sick.
It was a potion of enlightenment.
You feel very buoyant.
You fly up into the air.
* * * LOW HITPOINT WARNING * * *
You feel sick.
It was a potion of might.
You feel very mighty all of a sudden.
* * * LOW HITPOINT WARNING * * *
You feel sick.
It was a potion of mutation.
You feel extremely strange.
You feel weaker.
* * * LOW HITPOINT WARNING * * *
You feel sick.
There is a lethal amount of poison in your body!
There is a lethal amount of poison in your body!
There is a lethal amount of poison in your body!
You die...

#.# #.# ###.#
..#.# #.#.# #.#.#
# #.#.####....
###.#†@.......
#....#####.###
#.##.......#
#.##.#######
#.##.. .#
#†#####.##
########........#
#.....##.##.....#
#.###.##.##.###.#


There were no monsters in sight!

Vanquished Creatures
  A worm (D:2)
  A dart slug (D:1)
  2 bats (D:1)
  An endoplasm (D:1)
  7 goblins (D:1)
  A hobgoblin (D:1)
  2 kobolds (D:2)
  A quokka (D:1)
  2 ball pythons
  2 frilled lizards
  A rat (D:1)
21 creatures vanquished.

Notes
Turn   | Place    | Note
-------+----------+-------------------------------------------
     0 | D:1      | rageheart7 the Demonspawn Reaver began the quest for the
                  | Orb.
     0 | D:1      | Reached XP level 1. HP: 16/16 MP: 3/3
    12 | D:1      | Found Gurphuf's Distillery.
   353 | D:1      | Gained mutation: You have a pair of small antennae on your
                  | head. [demonic ancestry]
   353 | D:1      | Reached XP level 2. HP: 15/23 MP: 5/5
   390 | D:1      | Found a faded altar of an unknown god.
  1213 | D:2      | Reached XP level 3. HP: 9/21 MP: 4/6
  1218 | D:2      | Gained mutation: You are weak. (Str -2) [potion of
                  | mutation]
  1218 | D:2      | HP: 1/21 [poisoned by a kobold]
  1219 | D:2      | Succumbed to a kobold's poison

Illustrated notes

Levels and vault maps discovered:
D:1:      mrwooster_arrival_statue_2, layout_loops_corners,
          hellmonk_ecumenical_altar_blasted, serial_shops, shop, minivault_27,
          minmay_misc_feat_rows, chequers_serial_rivers_marsh
D:2:      layout_basic, uniq_sigmund

Skill      XL: |  1  2 |
---------------+-------+-----
Maces & Flails | 3 |  3.0
Fighting       | |  2.9
Dodging        | |  1.7
Spellcasting   | |  2.3
Conjurations   | |  3.0

Action                     || total
---------------------------++-------
  Melee: Mace              ||    64
   Cast: Kiss of Death     ||     3
    Use: Potion            ||     3
   Stab: Sleeping          ||     1
 Armour: Leather armour    ||    39
  Dodge: Dodged            ||    33

Table legend: (Time is in decaauts)
 A = Elapsed time spent in this place.
 B = Non-inter-level travel time spent in this place.
 C = Inter-level travel time spent in this place.
 D = Time resting spent in this place.
 E = Time spent auto-exploring this place.
 F = Levels seen in this place.
 G = Mean time per level.
                   A        B        C        D        E       F      G
               +--------+--------+--------+--------+--------+-----+--------+
         Total |   1236 |   1206 |     30 |      0 |   1034 |   2 |  618.0 |
       Dungeon |   1236 |   1206 |     30 |      0 |   1034 |   2 |  618.0 |
               +--------+--------+--------+--------+--------+-----+--------+

Top non-repeatable levels by time:
     D:1: 1012 daAuts
     D:2: 223 daAuts
